 Dungeon Crawl Stone Soup version 0.18.1-8-gdd0e5ea (webtiles) character file.

469 Gagarin the Ducker (level 7, 0/53 HPs)
             Began as a Merfolk Skald on June 1, 2016.
             Was an Initiate of Sif Muna.
             Slain by an iguana (7 damage)
             ... on level 6 of the Dungeon.
             The game lasted 00:20:33 (4693 turns).

Gagarin the Ducker (Merfolk Skald)                  Turns: 4693, Time: 00:20:33

Health: 0/53       AC:  5    Str: 13    XL:     7   Next: 9%
Magic:  3/11       EV: 13    Int: 13    God:    Sif Muna [......]
Gold:   198        SH:  0    Dex: 13    Spells: 3 memorised, 6 levels left

rFire  . . .     SeeInvis .     r - +0 trident
rCold  . . .     Gourm    .     a - +1 leather armour {rN+}
rNeg   + . .     Faith    .     (no shield)
rPois  .         Spirit   .     l - +0 hat
rElec  .         Dismiss  .     (no cloak)
rCorr  .         Reflect  .     (no gloves)
SustAt .         Harm     .     b - +0 pair of boots
MR     .....                    (no amulet)
Stlth  +.........               (no ring)
                                (no ring)

@: flying, very slightly contaminated, not resistant to hostile enchantments,
very unstealthy
A: change form in water, swift swim
a: Renounce Religion


You were on level 6 of the Dungeon.
You worshipped Sif Muna.
Sif Muna was noncommittal.
You were not hungry.

You visited 1 branch of the dungeon, and saw 6 of its levels.

You collected 198 gold pieces.

Inventory:

Hand Weapons
 r - a +0 trident (weapon)
Armour
 a - a +1 leather armour of positive energy (worn)
 b - a +0 pair of boots (worn)
 l - a +0 hat (worn)
 C - a +0 pair of gloves
Rods
 m - a +0 rod of ignition (10/10)
   (You found it on level 2 of the Dungeon)
Jewellery
 f - a +4 ring of protection {unknown}
 t - an uncursed ring of magical power {unknown}
Wands
 q - a wand of flame (25/48)
 y - a wand of acid (5/15)
Scrolls
 g - a scroll of identify
 j - 3 scrolls of enchant armour {unknown}
 k - 2 scrolls of teleportation {unknown}
 n - 2 scrolls of blinking {unknown}
 p - a scroll of noise {unknown}
 s - 4 scrolls of remove curse {unknown}
 w - a scroll of fog {unknown}
 x - a scroll of fear {unknown}
 D - a scroll of recharging {unknown}
Potions
 e - a potion of cancellation
 o - a potion of cure mutation {unknown}
Books
 c - a book of Battle

   Spells                             Type                      Level
   a - Infusion                       Charms                       1
   b - Shroud of Golubria             Charms/Translocation         2
   c - Song of Slaying                Charms                       2
   d - Spectral Weapon                Hexes/Charms                 3
   e - Regeneration                   Charms/Necromancy            3
 v - a book of Necromancy

   Spells                             Type                      Level
   a - Pain                           Necromancy                   1
   b - Animate Skeleton               Necromancy                   1
   c - Vampiric Draining              Necromancy                   3
   d - Regeneration                   Charms/Necromancy            3
   e - Animate Dead                   Necromancy                   4
   f - Control Undead                 Necromancy                   4
Comestibles
 d - 3 bread rations
 h - 4 fruits
 u - a meat ration
 z - a beef jerky
 B - a royal jelly


   Skills:
 + Level 3.8 Fighting
 + Level 4.4 Polearms
 + Level 1.9 Armour
 + Level 4.8 Dodging
 + Level 1.3 Stealth
 + Level 2.9 Spellcasting
 + Level 4.4 Charms
 + Level 0.5 Necromancy


You had 6 spell levels left.
You knew the following spells:

 Your Spells              Type           Power        Failure   Level  Hunger
a - Infusion              Chrm           ##..         6%          1    #......
b - Regeneration          Chrm/Necr      #.........   34%         3    ###....
c - Animate Skeleton      Necr           N/A          28%         1    #......


Dungeon Overview and Level Annotations

Branches:
Dungeon (6/15)
 Temple: D:4-7

Altars:
Ashenzari
Gozag
Kikubaaqudgha
Makhleb
Nemelex Xobeh
Pakellas
Sif Muna
Trog
The Shining One

Annotations:
D:3 Liquid's ghost, amateur DsAK


Message History

Drink which item? (? for menu, Esc to quit)
It was a potion of cancellation.
Your magical effects are unravelling.
Your magical contamination has completely faded away.
You feel magically purged.
You are no longer magically infusing your attacks.
The adder misses you. The iguana bites you!
* * * LOW HITPOINT WARNING * * *
Casting: Regeneration
Confirm with . or Enter, or press ? or * to list all spells.
You miscast Regeneration.
You are very lightly contaminated with residual magic.
You smell decay.
The adder closely misses you.
The iguana bites you but does no damage.
The adder bites you but does no damage.
Drink which item? (? for menu, Esc to quit)
It was a potion of flight.
You feel very buoyant.
You fly up into the air.
The adder closely misses you. The iguana bites you!
You die...

## #.. #.#
##.# ##..#
####...######
+.........l.#
###....###@#
##.<..##S#
###..##.#
#..##.#
#.....#
##.#### #.#
#.# #.#


You could see an iguana and an adder.

Vanquished Creatures
  A scorpion (D:5)
  An orc priest (D:3)
  2 hounds
  4 worker ants
  4 gnolls
  9 adders
  2 oozes (D:1)
  An adder skeleton (D:5)
  A worm (D:4)
  3 dart slugs
  4 giant geckos
  6 orcs
  6 bats
  A giant cockroach (D:3)
  8 goblins
  4 hobgoblins
  8 jackals
  2 quokkas
  2 ball pythons (D:1)
  A giant cockroach zombie (D:5)
  2 giant newts (D:2)
  3 kobolds
  A quokka skeleton (D:5)
  6 rats
82 creatures vanquished.

Vanquished Creatures (collateral kills)
  A hound (D:5)
1 creature vanquished.

Grand Total: 83 creatures vanquished

Notes
Turn   | Place    | Note
--------------------------------------------------------------
     0 | D:1      | Gagarin the Merfolk Skald began the quest for the Orb.
     0 | D:1      | Reached XP level 1. HP: 16/16 MP: 3/3
   162 | D:1      | Reached XP level 2. HP: 19/23 MP: 0/5
   574 | D:1      | Reached XP level 3. HP: 28/28 MP: 2/6
   654 | D:1      | Learned a level 3 spell: Regeneration
   774 | D:1      | Found a shattered altar of Ashenzari.
  1117 | D:2      | Reached XP level 4. HP: 26/34 MP: 3/7
  1376 | D:2      | Found an oddly glowing altar of Pakellas.
  1798 | D:3      | Reached skill level 1 in Armour
  2387 | D:3      | Reached XP level 5. HP: 40/41 MP: 8/8
  2632 | D:3      | Found a burning altar of Makhleb.
  2680 | D:3      | Noticed Liquid's ghost (amateur DsAK)
  2744 | D:4      | Identified a +0 rod of ignition (10/10) (You found it on level 2 of the Dungeon)
  3142 | D:3      | Reached skill level 1 in Stealth
  3142 | D:3      | Reached XP level 6. HP: 42/47 MP: 5/9
  3336 | D:4      | Found a sparkling altar of Nemelex Xobeh.
  3393 | D:4      | Found a bloodstained altar of Trog.
  3500 | D:4      | Found a glowing golden altar of the Shining One.
  3697 | D:5      | Entered Level 5 of the Dungeon
  3745 | D:5      | Found a deep blue altar of Sif Muna.
  3746 | D:5      | Found an opulent altar of Gozag.
  3752 | D:5      | Became a worshipper of Sif Muna the Loreminder
  3789 | D:5      | Found an ancient bone altar of Kikubaaqudgha.
  3995 | D:5      | Learned a level 1 spell: Animate Skeleton
  4272 | D:5      | Reached XP level 7. HP: 53/53 MP: 2/11
  4693 | D:6      | Slain by an iguana

Skill      XL: |  1  2  3  4  5  6 |
---------------+-------------------+-----
Dodging        | 2 3 4 |  4.8
Fighting       | 3 |  3.8
Armour         | 1 |  1.9
Charms         | 4 |  4.4
Stealth        | 1 |  1.3
Polearms       | 4 |  4.4
Spellcasting   | |  2.9
Necromancy     | |  0.5

Action                   |  1- 3 |  4- 6 |  7- 9 || total
-------------------------+-------+-------+-------++-------
Melee: Spear             |   113 |   121 |       ||   234
       Trident           |       |   140 |    22 ||   162
 Cast: Infusion          |     5 |     4 |     1 ||    10
       Regeneration      |       |     6 |     1 ||     7
       Animate Skeleton  |       |     2 |       ||     2
Evoke: Wand              |       |       |     1 ||     1
  Use: Scroll            |       |     2 |       ||     2
       Potion            |       |       |     2 ||     2
 Stab: Sleeping          |     1 |     2 |       ||     3
       Distracted        |       |     1 |       ||     1
  Eat: Chunk             |     1 |    11 |     2 ||    14
Armor: Leather armour    |    15 |    61 |     9 ||    85
Dodge: Dodged            |    40 |   153 |    18 ||   211
